 Dungeon Crawl Stone Soup version 0.25-a0-435-g4b9beb1024 (webtiles) character file.

Game seed: 17556361485050676903, levelgen mode: deterministic

1686360 krystol the Slayer (level 26, 261/261 HPs)
             Began as a Minotaur Fighter on Jan 27, 2020.
             Was an Initiate of Gozag.
             Escaped with the Orb
             ... and 3 runes on Jan 28, 2020!
             The game lasted 03:21:50 (67626 turns).

krystol the Slayer (Minotaur Fighter)              Turns: 67626, Time: 03:21:51

Health: 261/261    AC: 48    Str: 28    XL:     26   Next: 31%
Magic:  53/53      EV: 24    Int:  8    God:    Gozag
Gold:   4003       SH: 38    Dex: 23    Spells: 25/25 levels left

rFire    + + +     SeeInvis .   b - +9 scimitar (vamp) {!w}
rCold    + + +     Gourm    .   l - +8 large shield
rNeg     + . .     Faith    .   V - +16 gold dragon scales "Yfeqof" {rPois rF+ rC+ Stlth+}
rPois    +         Spirit   .   Y - -2 hat of the Alchemist {rElec rPois rF+ rC+ rN+ MR+ rMut rCorr}
rElec    +         Reflect  +   y - +1 cloak of Starlight {rElec rC+ EV+4 Stlth--}
rCorr    +         Harm     .   s - +1 pair of gloves of Vuucann {Int+3}
rMut     +                      U - +2 pair of boots
MR       +++..                  T - amulet of Doubts {Reflect rElec Str+3 Int-5 SH+3}
Stlth    ..........             D - ring "Remminom" {rF+ MR+ MP+9 Dex+5}
HPRegen  0.53/turn              w - ring of Gluttony {+Inv rF+ MP+9 Int+2 Dex+3}
MPRegen  0.33/turn

@: bribing [the Dungeon, the Vaults, the Realm of Zot]
A: retaliatory headbutt, horns 2, screaming 1
0: Orb of Zot
}: 3/15 runes: decaying, silver, gossamer
a: Potion Petition, Call Merchant, Bribe Branch, Renounce Religion, Evoke
Invisibility


You escaped.
You worshipped Gozag.
Gozag was most pleased with you.
You were not hungry.

You visited 10 branches of the dungeon, and saw 50 of its levels.
You visited the Abyss 1 time.
You visited 1 bazaar.
You also visited: Ossuary, Ice Cave and Desolation.

You collected 32076 gold pieces.
You spent 4881 gold pieces at shops.
You paid 23192 gold pieces to Gozag.

Inventory:

Hand Weapons
 a - the +8 falchion of Fumon {elec, Str+3 Int+3}
   (You found it on level 4 of the Dungeon)

   Occasionally, upon striking a foe, it will discharge some electrical energy
   and cause terrible harm.
   It affects your strength (+3).
   It affects your intelligence (+3).
 b - a +9 vampiric scimitar (weapon) {!w}
   (You acquired it on level 11 of the Dungeon)
 k - a +6 scimitar of holy wrath
   (You took it off a deep elf high priest on level 3 of the Elven Halls)
Missiles
 g - 112 poisoned darts
 A - 9 throwing nets (quivered) {!f}
 R - 5 curare-tipped darts {!f}
Armour
 l - a +8 large shield (worn)
   (You took it off Louise on level 2 of the Swamp)
 s - the +1 pair of gloves of Vuucann (worn) {Int+3}
   (You found it in an ice cave)

   It affects your intelligence (+3).
   If you remove this armour, your AC will fall 3 points (48 -> 45)
 y - the +1 cloak of Starlight (worn) {rElec rC+ EV+4 Stlth--}
   (You found it on level 5 of the Vaults)

   It affects your evasion (+4).
   It protects you from cold.
   It insulates you from electricity.
   It makes you much less stealthy.
   If you remove this armour, your AC will fall 3 points (48 -> 45)
 U - a +2 pair of boots (worn)
   (You found it on level 10 of the Dungeon)
 V - the +16 gold dragon scales "Yfeqof" (worn) {rPois rF+ rC+ Stlth+}
   (You took it off a deep elf blademaster on level 3 of the Elven Halls)

   It protects you from fire.
   It protects you from cold.
   It protects you from poison.
   It makes you more stealthy.
   If you remove this armour, your AC will fall 40 points (48 -> 8)
 Y - the -2 hat of the Alchemist (worn) {rElec rPois rF+ rC+ rN+ MR+ rMut rCorr}
   (You found it in an ice cave)

   It protects you from fire.
   It protects you from cold.
   It insulates you from electricity.
   It protects you from poison.
   It protects you from negative energy.
   It affects your resistance to hostile enchantments.
   It provides partial protection from all sources of acid and corrosion.
   It protects you from mutation.
   If you remove this armour, your AC will rise 2 points (48 -> 50)
Jewellery
 w - the ring of Gluttony (right hand) {+Inv rF+ MP+9 Int+2 Dex+3}
   (You took it off a deep elf demonologist on level 3 of the Elven Halls)

   [ring of protection from fire]

   It affects your intelligence (+2).
   It affects your dexterity (+3).
   It protects you from fire.
   It affects your magic capacity (+9).
   It lets you turn invisible.
 z - an uncursed ring of see invisible
   (You found it on level 2 of the Depths)
 D - the ring "Remminom" (left hand) {rF+ MR+ MP+9 Dex+5}
   (You bought it in a shop on level 2 of the Orcish Mines)

   [ring of magical power]

   It affects your dexterity (+5).
   It protects you from fire.
   It affects your resistance to hostile enchantments.
   It affects your magic capacity (+9).
 T - the amulet of Doubts (around neck) {Reflect rElec Str+3 Int-5 SH+3}
   (You took it off a deep elf high priest on level 3 of the Elven Halls)

   [amulet of reflection]

   It shields you and reflects attacks.
   It affects your strength (+3).
   It affects your intelligence (-5).
   It insulates you from electricity.
   It affects your SH (+3).
Wands
 c - a wand of disintegration (30)
   (You found it on level 1 of the Vaults)
 d - a wand of iceblast (67)
   (You found it on level 14 of the Dungeon)
 i - a wand of enslavement (25)
   (You found it on level 1 of the Elven Halls)
 u - a wand of paralysis (49)
   (You bought it in a shop on level 4 of the Dungeon)
 v - a wand of digging (12)
   (You found it in an ice cave)
 x - a wand of acid (43)
   (You found it on level 1 of the Swamp)
 X - a wand of scattershot (2)
   (You found it on level 1 of the Elven Halls)
 Z - a wand of clouds (4)
   (You found it on level 3 of the Swamp)
Scrolls
 j - 18 scrolls of remove curse {@r2}
 o - a scroll of silence
 B - 4 scrolls of fear
 C - 33 scrolls of teleportation {@r4}
 F - 5 scrolls of fog
 H - 11 scrolls of identify {@r1}
 K - 4 scrolls of immolation {!r}
 L - 2 scrolls of blinking
Potions
 f - 7 potions of flight
 h - 29 potions of curing {@q1}
 m - 8 potions of haste {@q3}
 n - 11 potions of brilliance
 p - 6 potions of berserk rage
 q - 2 potions of resistance
 r - 11 potions of agility
 E - 6 potions of ambrosia
 G - 7 potions of might
 I - 10 potions of lignification {!q}
 P - 3 potions of cancellation
 Q - 10 potions of heal wounds {@q2}
 S - 8 potions of mutation {!q}
Miscellaneous
 J - a phial of floods
   (You bought it in a shop on level 8 of the Dungeon)
 N - a sack of spiders
 O - 3 phantom mirrors
 W - a lamp of fire
   (You found it on level 1 of the Swamp)
Comestibles
 e - 45 rations {!d}


   Skills:
 + Level 26.0 Fighting
 - Level 14.0 Long Blades
 - Level 8.0 Throwing
 + Level 22.6 Armour
 + Level 19.6 Dodging
 * Level 24.0 Shields
 - Level 18.0 Evocations


You had 25 spell levels left.
You didn't know any spells.
Your spell library contained the following spells:

 Spells                   Type           Power        Failure   Level  Hunger
 Animate Skeleton         Necr           N/A          99%         1    ##.....
 Corona                   Hex            #......      99%         1    ##.....
 Foxfire                  Conj/Fire      #...         99%         1    ##.....
 Freeze                   Ice            #...         99%         1    ##.....
 Infusion                 Chrm           #...         99%         1    ##.....
 Magic Dart               Conj           #...         99%         1    ##.....
 Pain                     Necr           #...         99%         1    ##.....
 Sandblast                Erth           #.....       99%         1    ##.....
 Shock                    Conj/Air       #...         99%         1    ##.....
 Sting                    Tmut/Pois      #...         99%         1    ##.....
 Summon Butterflies       Summ           #.......     99%         1    ##.....
 Blink                    Tloc           N/A          100%        2    ###....
 Call Imp                 Summ           #.......     100%        2    ###....
 Corpse Rot               Necr/Air       N/A          100%        2    ###....
 Ensorcelled Hibernation  Hex/Ice        #.....       100%        2    ###....
 Passwall                 Tmut/Erth      #.......     100%        2    ###....
 Poisonous Vapours        Pois/Air       #.....       100%        2    ###....
 Searing Ray              Conj           #.....       100%        2    ###....
 Shroud of Golubria       Chrm/Tloc      #.....       100%        2    ###....
 Slow                     Hex            #.......     100%        2    ###....
 Song of Slaying          Chrm           #.......     100%        2    ###....
 Sublimation of Blood     Necr           #.........   100%        2    ###....
 Swiftness                Chrm/Air       #.......     100%        2    ###....
 Call Canine Familiar     Summ           #.......     100%        3    ####...
 Confusing Touch          Hex            #.......     100%        3    ####...
 Conjure Flame            Conj/Fire      #.......     100%        3    ####...
 Dazzling Flash           Conj/Hex       #.....       100%        3    ####...
 Gell's Gravitas          Tloc           #.........   100%        3    ####...
 Ignite Poison            Fire/Tmut/Pois #.......     100%        3    ####...
 Inner Flame              Hex/Fire       #.......     100%        3    ####...
 Lesser Beckoning         Tloc           #.........   100%        3    ####...
 Mephitic Cloud           Conj/Pois/Air  #.......     100%        3    ####...
 Ozocubu's Armour         Chrm/Ice       #.......     100%        3    ####...
 Portal Projectile        Hex/Tloc       #.....       100%        3    ####...
 Recall                   Summ/Tloc      N/A          100%        3    ####...
 Spectral Weapon          Hex/Chrm       #.......     100%        3    ####...
 Spider Form              Tmut/Pois      #.........   100%        3    ####...
 Static Discharge         Conj/Air       #.......     100%        3    ####...
 Stone Arrow              Conj/Erth      #.....       100%        3    ####...
 Summon Guardian Golem    Hex/Summ       #.......     100%        3    ####...
 Teleport Other           Tloc           #.......     100%        3    ####...
 Tukima's Dance           Hex            #.......     100%        3    ####...
 Vampiric Draining        Necr           #.........   100%        3    ####...
 Airstrike                Air            #.........   100%        4    #####..
 Animate Dead             Necr           N/A          100%        4    #####..
 Cause Fear               Hex            #.........   100%        4    #####..
 Hailstorm                Conj/Ice       #.......     100%        4    #####..
 Ice Form                 Ice/Tmut       #.......     100%        4    #####..
 Leda's Liquefaction      Hex/Erth       #.........   100%        4    #####..
 Olgreb's Toxic Radiance  Pois           #.......     100%        4    #####..
 Petrify                  Tmut/Erth      #.......     100%        4    #####..
 Sticky Flame             Conj/Fire      #.......     100%        4    #####..
 Summon Ice Beast         Ice/Summ       #.......     100%        4    #####..
 Agony                    Necr           #.......     100%        5    ######.
 Alistair's Intoxication  Tmut/Pois      #.......     100%        5    ######.
 Aura of Abjuration       Summ           #.........   100%        5    ######.
 Bolt of Magma            Conj/Fire/Erth #.........   100%        5    ######.
 Borgnjor's Vile Clutch   Necr/Erth      #.........   100%        5    ######.
 Fireball                 Conj/Fire      #.........   100%        5    ######.
 Irradiate                Conj/Tmut      #.........   100%        5    ######.
 Iskenderun's Battlesphe  Conj/Chrm      #.......     100%        5    ######.
 Lee's Rapid Deconstruct  Erth           #.........   100%        5    ######.
 Lightning Bolt           Conj/Air       #.........   100%        5    ######.
 Metabolic Englaciation   Hex/Ice        #.........   100%        5    ######.
 Summon Demon             Summ           #.........   100%        5    ######.
 Summon Forest            Summ/Tloc      #.........   100%        5    ######.
 Summon Mana Viper        Hex/Summ       #.......     100%        5    ######.
 Eringya's Noxious Bog    Tmut/Pois      #.........   100%        6    #######
 Freezing Cloud           Conj/Ice/Air   #.........   100%        6    #######
 Iron Shot                Conj/Erth      #.........   100%        6    #######
 Ozocubu's Refrigeration  Ice            #.........   100%        6    #######
 Shadow Creatures         Summ           N/A          100%        6    #######
 Simulacrum               Ice/Necr       #.........   100%        6    #######
 Statue Form              Tmut/Erth      #........    100%        6    #######
 Haunt                    Necr/Summ      #.........   100%        7    #######
 Summon Hydra             Summ           #.........   100%        7    #######
 Borgnjor's Revivificati  Necr           #.........   100%        8    #######
 Death's Door             Chrm/Necr      #.........   100%        8    #######
 Infestation              Necr           #.........   100%        8    #######
 Necromutation            Tmut/Necr      #.........   100%        8    #######
 Shatter                  Erth           #.........   100%        9    #######
 Passage of Golubria      Tloc           Unusable     N/A         4    N/A

Dungeon Overview and Level Annotations

Branches:
Dungeon (15/15)            Temple (1/1) D:4            Lair (6/6) D:9
  Swamp (4/4) Lair:2       Spider (4/4) Lair:4        Slime (0/5) Lair:5
    Orc (2/2) D:12            Elf (3/3) Orc:2        Vaults (5/5) D:13
  Crypt (0/3) Vaults:2     Depths (5/5) D:15            Zot (5/5) Depths:5
Ossuary (visited)           IceCv (visited)         Desolation (visited)

Altars:
Ashenzari
Cheibriados
Dithmenos
Elyvilon
Fedhas
Gozag
Hepliaklqana
Kikubaaqudgha
Makhleb
Nemelex Xobeh
Okawaru
Qazlal
Ru
Sif Muna
Trog
Uskayaw
Vehumet
Wu Jian
Xom
Yredelemnul
Zin
The Shining One
Jiyva

Shops:
D:4 }   D:6 *   D:7 }   D:8 }   Orc:1 *   Orc:2 =[:*   Elf:3 =   Vaults:1 (
Vaults:2 =   Vaults:3 *   Depths:5 =}

Portals:
Hell: Depths:1 Depths:2 Depths:3 Depths:4 Depths:5
Abyss: Depths:4
Pandemonium: Depths:1 Depths:3 Depths:4
Ziggurat: Depths:5
Trove: D:13 (give 2 scrolls of acquirement)

Annotations:
D:2 1 runed translucent door, Crazy Yiuf
D:11 exclusion: door
D:13 2 transporters
Swamp:3 exclusion: downstairs
Swamp:4 Lernaean hydra
Spider:4 2 transporters, emiel's ghost, adept FoFi
Elf:3 3 runed translucent doors, inah's ghost, adept KoBe


Innate Abilities, Weirdness & Mutations

You reflexively headbutt those who attack you in melee.
You have a pair of horns on your head.
You occasionally shout uncontrollably at your foes.


Message History

(V) Vaults (C) Crypt (U) Depths (H) Hell (Z) Zot
Where to? (Enter - D:1 @ (x,y), ? - help)
There is a stone staircase leading up here.
You climb upwards.
There is a stone staircase leading down here.
There is a stone staircase leading up here.
You climb upwards.
There is a stone staircase leading down here.
There is a stone staircase leading up, spattered with blood here.
Items here: ! ) = [ 2 potions of degeneration {!q}; a -4 ring of protection; a +0 chain mail a +0 long sword You climb upwards.
There is a stone staircase leading down here.
The Orb Guardian stares, then turns away, jangling a coin purse.
An Orb Guardian comes into view.
Unknown command.
No target in view!
Unknown command.
(D) Dungeon (T) Temple (L) Lair (S) Swamp (N) Spider Nest (M) Slime Pits (O) Orcish Mines (E) Elven Halls (V) Vaults (C) Crypt (U) Depths (H) Hell (Z) Zot
Where to? (Enter - D:1 @ (x,y), ? - help)
There is a stone staircase leading up, spattered with blood here.
You climb upwards.
Level annotation: 1 runed translucent door, Crazy Yiuf
There is a stone staircase leading down here.
The Orb Guardian stares, then turns away, jangling a coin purse.
An Orb Guardian comes into view.
Unknown command.
(D) Dungeon (T) Temple (L) Lair (S) Swamp (N) Spider Nest (M) Slime Pits (O) Orcish Mines (E) Elven Halls (V) Vaults (C) Crypt (U) Depths (H) Hell (Z) Zot
Where to? (Enter - D:1 @ (x,y), ? - help)
There is a stone staircase leading up here.
You climb upwards.
There is a stone staircase leading down here.
The blizzard demon stares, then turns away, jangling a coin purse.
A blizzard demon comes into view.
(D) Dungeon (T) Temple (L) Lair (S) Swamp (N) Spider Nest (M) Slime Pits (O) Orcish Mines (E) Elven Halls (V) Vaults (C) Crypt (U) Depths (H) Hell (Z) Zot
Where to? (Enter - D:1 @ (x,y), ? - help)
There is a large open door here.
There is a staircase leading out of the dungeon here.
You have escaped!

#########≈≈≈.≈.######..#♣
........#≈≈≈≈..#....#'##♣
........########........♣
≈≈≈≈≈≈.................♣♣
≈####≈≈≈..............♣♣
##..##≈≈≈≈≈≈.........♣♣
#.8.................♣♣
##..##≈≈≈≈≈≈≈≈≈.....♣
≈####≈≈≈≈≈≈≈≈≈.&@.♣♣♣ ##
######........♣
####♣♣♣♣♣♣


You could see the friendly Vosushus.

Vanquished Creatures
  2 orbs of fire (Zot:2)
  Mara (Vaults:2)
  Mennas (Vaults:3)
  The ghost of Awazaost the Conqueror, a veteran MiBe of Trog (Vaults:1)
  Saint Roka (Depths:4)
  Margery (Vaults:3)
  3 Killer Klowns
  A caustic shrike (Depths:2)
  Nikola (Spider:1)
  6 golden dragons
  Jory (Vaults:2)
  A bone dragon (Depths:5)
  2 Tzitzimimeh
  Arachne (Spider:4)
  3 electric golems
  11 tentacled monstrosities
  6 Orb Guardians (Zot:5)
  2 liches (Depths:2)
  A titan (Vaults:5)
  3 deep elf blademasters
  10 quicksilver dragons
  2 deep elf master archers (Elf:3)
  12 death cobs
  Gastronok (Lair:3)
  6 sphinxes
  3 tengu reavers
  2 shadow dragons (Zot:2)
  Agnes (Spider:2)
  2 thorn hunters
  10 storm dragons
  Roxanne (D:14)
  10 frost giants
  An azure jelly (Elf:3)
  4 iron dragons (Depths:4)
  A draconian knight (Zot:1)
  A draconian monk (Zot:1)
  5 fire giants
  5 deep elf sorcerers
  5 ghost moths
  4 imperial myrmidons (Desolation)
  3 draconian scorchers
  16 vault wardens
  7 draconian shifters
  7 emperor scorpions
  Aizul (Swamp:2)
  5 draconian stormcallers
  Louise (Swamp:2)
  A balrug (Depths:3)
  2 war gargoyles
  2 draconian annihilators
  7 deep elf elementalists (Elf:3)
  32 very ugly things
  16 stone giants
  7 entropy weavers
  13 ironheart preservers
  11 deep elf demonologists
  11 vampire knights
  3 black draconians
  5 green draconians
  11 yellow draconians
  10 deep elf annihilators
  A minotaur (shapeshifter) (Depths:4)
  6 red draconians
  9 spark wasps
  6 white draconians
  2 blizzard demons (IceCv)
  6 purple draconians
  11 ettins
  7 deep elf death magi
  A merfolk javelineer (Depths:3)
  3 crystal guardians (Desolation)
  Josephine (Lair:5)
  12 yaktaur captains
  11 fire dragons
  10 great orbs of eyes
  2 jiangshi (Depths:1)
  5 ragged hierophants (Desolation)
  6 deep elf high priests
  21 vault guards
  11 servants of whispers
  A ghost crab (Swamp:4)
  6 rakshasas
  13 ice dragons
  15 hydras
  An anaconda (shapeshifter) (Vaults:5)
  A catoblepas (Lair:6)
  6 peacekeepers (Desolation)
  A shambling mangrove (Swamp:3)
  A spriggan air mage (Depths:4)
  13 alligators
  12 centaur warriors
  34 two-headed ogres
  A satyr (Swamp:4)
  7 ogre magi
  A death knight (Vaults:4)
  4 tengu warriors
  5 vampire magi
  9 deep troll earth magi
  4 death yaks
  22 hell knights
  Urug (Lair:6)
  Nergalle (Lair:3)
  9 deep troll shamans
  7 spriggan berserkers
  Sonja (Lair:1)
  2 soul eaters (Depths:3)
  A sun demon (D:15)
  18 deep elf knights
  4 iron trolls
  2 skeletal warriors (Depths:3)
  2 shadow wraiths (Vaults:4)
  3 glowing orange brains
  A gelid demonspawn (Depths:3)
  A spriggan druid (Swamp:4)
  An unseen horror (Vaults:1)
  29 deep trolls
  A swamp dragon (shapeshifter) (Vaults:2)
  A flayed ghost (Depths:4)
  A shadow demon (D:15)
  8 swamp dragons
  16 deep elf archers
  6 phantasmal warriors
  A wolf spider zombie (D:13)
  5 wizards
  5 harpies (Vaults:4)
  4 orc sorcerers
  8 necromancers
  16 ironbrand convokers
  An orb spider (shapeshifter) (Depths:5)
  9 orc knights
  20 orb spiders
  72 deep elf magi
  3 oklob plants (Lair:3)
  8 cyclopes
  16 moths of wrath
  2 manticores
  26 wolf spiders
  21 ugly things
  A black mamba (shapeshifter) (Depths:1)
  A stone giant skeleton (Vaults:4)
  An elephant (shapeshifter) (D:14)
  7 black mambas
  5 elephants (Lair:6)
  A rust devil (Depths:3)
  14 vault sentinels
  2 guardian serpents
  An ice statue (IceCv)
  A molten gargoyle (Desolation)
  3 torpor snails
  Psyche (D:8)
  34 spiny frogs
  50 yaktaurs
  A komodo dragon (shapeshifter) (D:14)
  13 freezing wraiths
  2 tormentors
  7 komodo dragons
  A yaktaur (shapeshifter) (Depths:2)
  An anaconda simulacrum (IceCv)
  7 ice devils
  12 demonic crawlers
  3 golden dragon simulacra (IceCv)
  4 tengu conjurers
  23 jumping spiders
  A merfolk (D:9)
  6 meliai
  A harpy zombie (D:14)
  21 tyrant leeches
  A jumping spider (shapeshifter) (Vaults:3)
  A wolf spider simulacrum (IceCv)
  A merfolk (shapeshifter) (Vaults:5)
  A hornet (shapeshifter) (Elf:1)
  57 saltlings
  2 tengu simulacra (Vaults:4)
  10 trolls
  9 hornets
  12 slime creatures
  A raiju (shapeshifter) (Vaults:5)
  18 blink frogs
  7 bog bodies
  7 hippogriffs
  A hippogriff (shapeshifter) (Elf:1)
  99 redbacks
  7 water elementals
  4 air elementals
  A tarantella (shapeshifter) (D:14)
  2 dire elephant simulacra (IceCv)
  3 shadows
  7 vampires
  20 yaks
  4 wyverns
  5 wraiths
  34 tarantellas
  A golden eye (shapeshifter) (Vaults:3)
  A steam dragon (D:11)
  4 fire elementals
  9 humans (D:13)
  2 basilisks (shapeshifter)
  24 vampire mosquitoes
  2 chaos spawn
  6 basilisks
  3 hungry ghosts
  6 harpy simulacra (IceCv)
  11 swamp worms
  3 iron troll simulacra (IceCv)
  4 wargs
  16 insubstantial wisps
  2 swamp worms (shapeshifter)
  An acid dragon (Vaults:1)
  2 soldier ants
  17 water moccasins
  A floating eye (Depths:4)
  A water moccasin (shapeshifter) (Vaults:3)
  5 porcupines
  3 hydra simulacra (IceCv)
  37 orc warriors
  Duvessa (D:4)
  A hornet zombie (D:15)
  10 swamp drakes
  2 black bears
  An alligator simulacrum (IceCv)
  An ettin simulacrum (IceCv)
  3 ice beasts
  4 sky beasts
  4 phantoms
  2 eyes of draining
  39 ogres
  23 boggarts
  A necrophage (D:7)
  14 wolves
  21 centaurs
  17 crocodiles
  4 big kobolds
  3 gnoll sergeants
  36 bullfrogs
  3 earth elementals
  A wyvern zombie (D:12)
  Dowan (D:4)
  4 water moccasin zombies (Ossuary)
  2 wyvern skeletons
  4 scorpions
  10 killer bees
  4 wights
  3 howler monkeys
  6 electric eels
  17 crimson imps
  4 centaur zombies
  2 draconian simulacra (IceCv)
  8 hounds
  3 quasits
  12 jellies
  12 human skeletons (Vaults:3)
  30 orc priests
  4 bullfrog skeletons
  2 centaur skeletons
  15 worker ants
  7 iguanas
  Terence (D:2)
  21 orc wizards
  A spriggan simulacrum (IceCv)
  6 troll simulacra (IceCv)
  A wolf simulacrum (IceCv)
  A centaur simulacrum (IceCv)
  3 big kobold zombies (Ossuary)
  2 hound zombies
  2 hound skeletons
  3 mummies
  A howler monkey zombie (D:6)
  A worker ant zombie (D:11)
  26 gnolls
  14 adders
  A naga simulacrum (IceCv)
  An ogre simulacrum (IceCv)
  4 shadow imps
  8 white imps (IceCv)
  7 ufetubi
  6 oozes
  2 adder skeletons
  5 adder zombies
  3 worms
  3 dart slugs
  5 leopard geckos
  83 orcs
  3 giant cockroaches
  A gnoll zombie (Ossuary)
  8 goblins
  11 hobgoblins
  17 jackals
  13 kobolds
  3 quokkas
  5 bats
  5 frilled lizards
  4 hobgoblin zombies
  3 kobold zombies (Ossuary)
  2 leopard gecko skeletons
  6 orc zombies
  A quokka skeleton (D:8)
  A quokka zombie (D:7)
  14 rats
2276 creatures vanquished.

Vanquished Creatures (collateral kills)
  A golden dragon (Vaults:5)
  3 Orb Guardians (Zot:5)
  An azure jelly (Zot:5)
  2 tengu reavers (Vaults:5)
  A draconian monk (Zot:5)
  A draconian knight (Zot:5)
  A vault warden (Vaults:5)
  A draconian shifter (Zot:5)
  2 ironheart preservers (Vaults:5)
  A draconian annihilator (Zot:5)
  A deep elf demonologist (Vaults:5)
  A yellow draconian (Zot:5)
  A purple draconian (Zot:5)
  2 ettins (Vaults:5)
  A yaktaur captain (Vaults:5)
  3 vault guards (Vaults:5)
  An ogre mage (Vaults:5)
  A two-headed ogre (Vaults:5)
  A moth of wrath (Zot:5)
  2 slime creatures (D:14)
  An orange demon (Depths:1)
  A neqoxec (Zot:5)
  A warg (Vaults:5)
  An orc warrior (Vaults:5)
  An orc wizard (Vaults:5)
33 creatures vanquished.

Vanquished Creatures (others)
  3 ancient liches (Zot:5)
  An orb of fire (Zot:5)
  2 golden dragons (Zot:5)
  10 Orb Guardians (Zot:5)
  A tentacled monstrosity (Vaults:5)
  A lich (Vaults:5)
  5 titans (Vaults:5)
  2 tengu reavers (Vaults:5)
  3 storm dragons (Vaults:5)
  2 fire giants
  A draconian scorcher (Zot:3)
  2 frost giants (Vaults:5)
  A vault warden (Vaults:5)
  2 deep elf sorcerers (Vaults:5)
  A deep elf elementalist (Vaults:5)
  A draconian annihilator (Zot:5)
  An ironheart preserver (Vaults:5)
  A very ugly thing (Vaults:5)
  2 stone giants
  A vampire knight (Depths:2)
  A green draconian (Zot:5)
  A deep elf annihilator (Vaults:5)
  A purple draconian (Zot:5)
  An ettin (Vaults:5)
  A deep elf death mage (Vaults:5)
  A great orb of eyes (Vaults:5)
  A fire dragon (Depths:4)
  A yaktaur captain (Vaults:5)
  A rakshasa (Depths:4)
  11 vault guards
  A centaur warrior (Vaults:2)
  An ogre mage (Depths:4)
  26 dancing weapons
  4 deep elf knights (Elf:2)
  3 phantasmal warriors (Vaults:5)
  An obsidian statue (Zot:5)
  A swamp dragon (shapeshifter) (Vaults:5)
  2 deep elf magi
  An elephant (shapeshifter) (Vaults:5)
  A vault sentinel (Vaults:5)
  A spiny frog (Swamp:3)
  A freezing wraith (Vaults:5)
  7 yaktaurs
  A troll (shapeshifter) (Vaults:1)
  2 hornets
  A tarantella (shapeshifter) (Vaults:5)
  A human (D:13)
  An ogre (Vaults:5)
  A centaur (Vaults:2)
  A scorpion (shapeshifter) (D:13)
  An adder (D:11)
  3 orcs
  7 briar patches
  16 fungi
  43 plants
  10 toadstools (D:7)
201 creatures vanquished.

Grand Total: 2510 creatures vanquished

Notes
Turn   | Place    | Note
-------+----------+-------------------------------------------
     0 | D:1      | krystol the Minotaur Fighter began the quest for the Orb.
     0 | D:1      | Reached XP level 1. HP: 19/19 MP: 0/0
   173 | D:1      | Reached XP level 2. HP: 27/27 MP: 1/1
   356 | D:1      | Reached skill level 4 in Fighting
   551 | D:1      | Reached XP level 3. HP: 33/33 MP: 2/2
  1033 | D:2      | Noticed Terence
  1051 | D:2      | Killed Terence
  1051 | D:2      | Reached XP level 4. HP: 38/41 MP: 3/3
  1313 | D:2      | Found a runed translucent door.
  1314 | D:2      | Noticed Crazy Yiuf
  1592 | D:2      | Found a faded altar of an unknown god.
  1770 | D:3      | Reached XP level 5. HP: 44/47 MP: 4/4
  1854 | D:3      | Reached skill level 5 in Long Blades
  2130 | D:3      | Reached skill level 5 in Shields
  2409 | D:4      | Noticed a black bear
  2411 | D:4      | Noticed Duvessa
  2708 | D:3      | Reached skill level 5 in Fighting
  2711 | D:3      | Killed a black bear
  2711 | D:3      | Reached XP level 6. HP: 23/56 MP: 5/5
  3052 | D:4      | Noticed Dowan
  3053 | D:4      | Killed Duvessa
  3060 | D:4      | Killed Dowan
  3060 | D:4      | Reached XP level 7. HP: 55/62 MP: 6/6
  3176 | D:4      | Found a shimmering altar of Xom.
  3176 | D:4      | Found an opulent altar of Gozag.
  3254 | D:4      | Found a staircase to the Ecumenical Temple.
  3282 | D:4      | Found Ingaamat's Gadget Boutique.
  3303 | Temple   | Entered the Ecumenical Temple
  3485 | D:4      | Reached skill level 6 in Fighting
  3629 | D:4      | Became a worshipper of Gozag Ym Sagoz the Greedy
  3710 | D:4      | Bought a wand of paralysis (8) for 130 gold pieces
  3789 | D:4      | Got a smoking falchion
  3839 | D:4      | Identified the +8 falchion of Fumon {elec, Str+3 Int+3}
                  | (You found it on level 4 of the Dungeon)
  4005 | D:5      | Entered Level 5 of the Dungeon
  4061 | D:5      | Reached XP level 8. HP: 70/71 MP: 7/7
  4114 | D:5      | Found a sparkling altar of Nemelex Xobeh.
  4324 | D:5      | Found a sand-covered staircase.
  4331 | Ossuary  | Entered an ossuary
  4393 | Ossuary  | Reached skill level 7 in Fighting
  5305 | D:6      | Reached skill level 10 in Long Blades
  5348 | D:6      | Reached XP level 9. HP: 76/81 MP: 8/8
  5471 | D:6      | Found a sacrificial altar of Ru.
  5496 | D:6      | Found a white marble altar of Elyvilon.
  5506 | D:6      | Found Biumu's Bounteous Boutique.
  5515 | D:6      | Reached skill level 8 in Fighting
  5539 | D:6      | Bought a scroll of blinking for 97 gold pieces
  6635 | D:7      | Found Aruugi Utera's Gadget Shop.
  6671 | D:7      | Bought a wand of iceblast (7) for 132 gold pieces
  6671 | D:7      | Bought a wand of acid (10) for 336 gold pieces
  6758 | D:7      | Reached skill level 9 in Fighting
  6915 | D:7      | Reached XP level 10. HP: 80/91 MP: 9/9
  7137 | D:8      | Found a sacrificial altar of Ru.
  7391 | D:8      | Noticed Psyche
  7404 | D:8      | Killed Psyche
  7404 | D:8      | Reached skill level 1 in Evocations
  7558 | D:8      | Found a hide-covered altar of Uskayaw.
  7575 | D:8      | Found Fucsut's Gadget Shop.
  7601 | D:8      | Bought a phial of floods for 640 gold pieces
  8146 | D:9      | Reached skill level 10 in Fighting
  8151 | D:9      | Reached skill level 10 in Shields
  8363 | D:9      | Found a staircase to the Lair.
  8388 | D:9      | Noticed a two-headed ogre
  8518 | D:9      | Killed a two-headed ogre
  9003 | D:10     | Entered Level 10 of the Dungeon
  9006 | D:10     | Reached XP level 11. HP: 96/101 MP: 12/12
  9107 | D:10     | Noticed a two-headed ogre
  9114 | D:10     | Killed a two-headed ogre
  9672 | D:11     | Reached skill level 11 in Fighting
 10477 | D:11     | Reached skill level 5 in Evocations
 10669 | D:11     | Noticed a cyan ugly thing
 10669 | D:11     | Noticed a purple ugly thing
 10703 | D:11     | Killed a brown ugly thing
 10708 | D:11     | Killed a purple ugly thing
 10998 | D:11     | Reached skill level 12 in Fighting
 11257 | D:11     | Noticed a seven-headed hydra
 11357 | D:11     | Identified 2 scrolls of acquirement
 11358 | D:11     | Identified the ring of Lugonu's Castigation {*Slow MP+9
                  | Int+6 Dex+5} (You acquired it on level 11 of the Dungeon)
 11543 | D:12     | Found a staircase to the Orcish Mines.
 11582 | D:12     | Reached XP level 12. HP: 92/112 MP: 15/15
 12225 | D:12     | Got a scorched buckler
 12760 | D:9      | Identified the +1 buckler of Gravity {rPois Int+2} (You
                  | found it on level 12 of the Dungeon)
 12782 | Lair:1   | Entered Level 1 of the Lair of Beasts
 12880 | Lair:1   | You fall into a shaft and drop 1 floor!
 12902 | Lair:2   | Reached skill level 1 in Dodging
 13184 | Lair:1   | Identified the Grimoire of Sinister Clay
 13282 | Lair:1   | Noticed Sonja
 13576 | Lair:1   | Killed Sonja
 13576 | Lair:1   | Reached skill level 13 in Fighting
 13576 | Lair:1   | Reached skill level 5 in Armour
 13591 | Lair:1   | You fall into a shaft and drop 1 floor!
 13914 | Lair:2   | Found a staircase to the Swamp.
 13963 | Lair:2   | Noticed a seven-headed hydra
 13967 | Lair:2   | Killed a seven-headed hydra
 14128 | Lair:2   | Found an ornate altar of the Wu Jian Council.
 14480 | Lair:3   | Noticed a death yak
 14480 | Lair:3   | Noticed a death yak
 14480 | Lair:3   | Noticed a death yak
 14500 | Lair:3   | Killed a death yak
 14511 | Lair:3   | Killed a death yak
 14525 | Lair:3   | Killed a death yak
 14547 | Lair:3   | Noticed Gastronok
 14566 | Lair:3   | Killed Gastronok
 14566 | Lair:3   | Reached XP level 13. HP: 107/122 MP: 16/18
 14634 | Lair:3   | Noticed Nergalle
 14652 | Lair:3   | Killed Nergalle
 14674 | Lair:3   | Reached skill level 5 in Dodging
 15556 | Lair:3   | Got a bone morningstar
 15734 | Lair:3   | Identified the +6 morningstar of the Vestibule of Hell
                  | {holy, rPois Str-2 Dex+9 Stlth-} (You found it on level 3
                  | of the Lair of Beasts)
 16037 | Lair:4   | Reached skill level 14 in Fighting
 16100 | Lair:4   | Found a hole to the Spider Nest.
 16814 | Lair:5   | Noticed Josephine
 16862 | Lair:5   | Found a staircase to the Slime Pits.
 16862 | Lair:5   | Found a viscous altar of Jiyva.
 17187 | Lair:5   | Killed Josephine
 18264 | Lair:6   | Entered Level 6 of the Lair of Beasts
 18431 | Lair:6   | Reached XP level 14. HP: 133/133 MP: 20/20
 18617 | Lair:6   | Identified the cursed +1 war axe "Bytih Kureci" {pain,
                  | *Contam +Blink rElec rN+} (You found it on level 6 of the
                  | Lair of Beasts)
 18792 | Lair:6   | Reached skill level 15 in Fighting
 18813 | Lair:6   | Reached skill level 10 in Armour
 18858 | Lair:6   | Reached skill level 10 in Evocations
 18982 | Lair:6   | Noticed Urug
 19170 | Lair:6   | Killed Urug
 19432 | Lair:6   | Noticed an entropy weaver
 19432 | Lair:6   | a four-headed hydra changed into an entropy weaver
 19440 | Lair:6   | Killed an entropy weaver
 19847 | Orc:1    | Entered Level 1 of the Orcish Mines
 19995 | Orc:2    | Entered Level 2 of the Orcish Mines
 20057 | Orc:2    | Found Unif Yty's Book Shoppe.
 20057 | Orc:2    | Found Xoeboum's General Store.
 20058 | Orc:2    | Found Zereoni's Jewellery Shop.
 20058 | Orc:2    | Found Fythrotz's Armour Shoppe.
 20364 | Orc:2    | Reached skill level 10 in Dodging
 20374 | Orc:2    | Reached XP level 15. HP: 143/143 MP: 22/22
 20461 | Orc:2    | Bought a scroll of enchant weapon for 120 gold pieces
 20464 | Orc:2    | Bought the ring "Remminom" {rF+ MR+ MP+9 Dex+5} for 651
                  | gold pieces
 20570 | Orc:2    | Reached skill level 16 in Fighting
 20599 | Orc:2    | Found a staircase to the Elven Halls.
 21133 | Orc:1    | Found Aqyfynlo's General Store.
 21142 | Orc:1    | Bought a scroll of enchant weapon for 97 gold pieces
 21143 | Orc:1    | Bought a potion of agility for 52 gold pieces
 21143 | Orc:1    | Bought a scroll of teleportation for 39 gold pieces
 21143 | Orc:1    | Bought a potion of berserk rage for 65 gold pieces
 21143 | Orc:1    | Bought a ration for 65 gold pieces
 21143 | Orc:1    | Bought a potion of cancellation for 104 gold pieces
 21607 | D:13     | Noticed a storm dragon
 21611 | D:13     | Found a transporter.
 21620 | D:13     | Found a portal to a secret trove of treasure.
 21755 | D:13     | Noticed a fire giant
 21772 | D:13     | Killed a fire giant
 22265 | D:13     | Found a gate to the Vaults.
 22319 | D:13     | Noticed a quicksilver dragon
 22454 | D:13     | Noticed a caustic shrike
 22665 | D:13     | Noticed an iron giant
 23365 | D:14     | Noticed Roxanne
 23392 | D:14     | Killed Roxanne
 23782 | D:14     | Got an ancient robe
 23857 | D:14     | Found a burning altar of Makhleb.
 23923 | D:15     | Entered Level 15 of the Dungeon
 24072 | D:14     | Noticed a storm dragon
 24072 | D:14     | a five-headed hydra changed into a storm dragon
 24081 | D:14     | Killed a storm dragon
 25136 | D:15     | Found a staircase to the Depths.
 25528 | Spider:1 | Entered Level 1 of the Spider Nest
 25592 | Spider:1 | Reached XP level 16. HP: 154/154 MP: 23/23
 25609 | Spider:1 | Reached skill level 17 in Fighting
 25609 | Spider:1 | Reached skill level 1 in Throwing
 26405 | Spider:1 | Noticed Nikola
 26419 | Spider:1 | Killed Nikola
 27306 | Spider:2 | Noticed Agnes
 27311 | Spider:2 | Killed Agnes
 27359 | Spider:2 | Identified the +3 leather armour "Hayzehat" {+Inv}
 27515 | Spider:2 | Reached skill level 5 in Throwing
 28045 | Spider:3 | Got a crystal long sword
 28772 | Spider:4 | Entered Level 4 of the Spider Nest
 28776 | Spider:4 | Noticed Arachne
 28808 | Spider:4 | Found a transporter.
 28808 | Spider:4 | Noticed emiel's ghost (adept FoFi)
 28847 | Spider:4 | Found a transporter.
 29217 | Spider:4 | Killed Arachne
 29279 | Spider:4 | Reached skill level 18 in Fighting
 29310 | Spider:4 | Reached XP level 17. HP: 152/163 MP: 25/25
 29630 | Spider:2 | Reached skill level 15 in Armour
 31664 | Spider:4 | Reached skill level 19 in Fighting
 31682 | Spider:4 | Got a gossamer rune of Zot
 31747 | Spider:4 | Identified the cursed +1 long sword of Soqobil {freeze,
                  | +Inv Dex+4} (You found it on level 3 of the Spider Nest)
 31935 | Swamp:1  | Entered Level 1 of the Swamp
 33124 | Swamp:2  | Noticed Aizul
 33146 | Swamp:2  | Killed Aizul
 33572 | Swamp:2  | Identified the Incunabulum of Moulding
 33587 | Swamp:2  | Noticed Louise
 33600 | Swamp:2  | Killed Louise
 33966 | Swamp:2  | Got a dazzling short sword
 34588 | Swamp:4  | Entered Level 4 of the Swamp
 34758 | Swamp:4  | Reached XP level 18. HP: 52/176 MP: 26/26
 35239 | Swamp:4  | Noticed the 27-headed Lernaean hydra
 35615 | Swamp:4  | Got a decaying rune of Zot
 36012 | Elf:1    | Entered Level 1 of the Elven Halls
 36241 | Elf:1    | Found a flickering gateway to a bazaar.
 36258 | Bazaar   | Entered a bazaar
 36260 | Bazaar   | Found Cyreluit's Weapon Boutique.
 36264 | Bazaar   | Found Lyixuo's Book Boutique.
 36264 | Bazaar   | Found Cihuoliq's Food Boutique.
 36264 | Bazaar   | Found Ixeevar's Gadget Boutique.
 36287 | Bazaar   | Bought a ration for 35 gold pieces
 36287 | Bazaar   | Bought a ration for 35 gold pieces
 36287 | Bazaar   | Bought a ration for 35 gold pieces
 36287 | Bazaar   | Bought a ration for 35 gold pieces
 36287 | Bazaar   | Bought a ration for 35 gold pieces
 36287 | Bazaar   | Bought a ration for 35 gold pieces
 36287 | Bazaar   | Bought a ration for 35 gold pieces
 36287 | Bazaar   | Bought a ration for 35 gold pieces
 36287 | Bazaar   | Bought a ration for 35 gold pieces
 36287 | Bazaar   | Bought a ration for 35 gold pieces
 36287 | Bazaar   | Bought a ration for 35 gold pieces
 36287 | Bazaar   | Bought a ration for 35 gold pieces
 36295 | Bazaar   | Bought a wand of iceblast (8) for 84 gold pieces
 36295 | Bazaar   | Bought a phantom mirror for 210 gold pieces
 36803 | Elf:1    | Reached skill level 15 in Shields
 37354 | Elf:1    | Identified the Disquisition on Destructive Summoning
 37424 | Elf:2    | Reached skill level 20 in Fighting
 37834 | Elf:2    | Found a runed translucent gate.
 37834 | Elf:2    | Found a runed translucent gate.
 37834 | Elf:2    | Found a runed translucent gate.
 38576 | Elf:2    | Reached XP level 19. HP: 152/187 MP: 29/29
 38873 | Elf:3    | Entered Level 3 of the Elven Halls
 38949 | Elf:3    | Reached skill level 15 in Evocations
 38980 | Elf:3    | Found a frozen archway.
 39014 | IceCv    | Entered an ice cave
 40793 | IceCv    | Found the -2 hat of the Alchemist {rElec rPois rF+ rC+ rN+
                  | MR+ rMut rCorr}
 40804 | IceCv    | Got a pair of pitted gloves
 40810 | IceCv    | Identified the +1 pair of gloves of Vuucann {Int+3} (You
                  | found it in an ice cave)
 40832 | IceCv    | Identified the +4 scale mail of Qicsoseq {Str+4 Dex+3} (You
                  | found it in an ice cave)
 41149 | Elf:3    | Found a runed translucent gate.
 41150 | Elf:3    | Found a runed translucent gate.
 41151 | Elf:3    | Found a runed translucent gate.
 41153 | Elf:3    | Noticed inah's ghost (adept KoBe)
 41492 | Elf:3    | Found Kimmeu's Jewellery Emporium.
 41678 | Elf:3    | Identified the +11 quarterstaff of Cowardice {drain, MR+
                  | Str+4}
 41678 | Elf:3    | Identified the amulet of Doubts {Reflect rElec Str+3 Int-5
                  | SH+3}
 41681 | Elf:3    | Identified the ring "Gouhen" {AC+2 Str+4}
 41797 | Elf:3    | Identified the ring of Gluttony {+Inv rF+ MP+9 Int+2 Dex+3}
 41873 | Elf:3    | Identified the ring "Tuwacio" {+Fly rF+ Stlth+}
 41884 | Elf:3    | Reached skill level 21 in Fighting
 42363 | Elf:3    | Identified the +16 gold dragon scales "Yfeqof" {rPois rF+
                  | rC+ Stlth+}
 42371 | Elf:3    | Noticed a Tzitzimitl
 42477 | Elf:3    | Identified the cursed +1 great mace of Glory {vorpal, rPois
                  | rC+ SInv}
 42662 | Elf:3    | Identified the amulet "Ebimaid" {Faith rElec rC+}
 42997 | Elf:3    | Identified the Incunabulum of Freezing Curses
 43305 | Vaults:1 | Entered Level 1 of the Vaults
 43487 | Vaults:1 | Reached XP level 20. HP: 198/198 MP: 31/31
 43519 | Vaults:1 | Found a ruined gateway.
 43584 | Desolati | Entered the Desolation of Salt
 44186 | Desolati | Found the +6 Majin-Bo {vamp, Archmagi MP+6 Int+6}
 44213 | Desolati | Reached skill level 22 in Fighting
 44269 | Desolati | Got a heavily runed glass ring
 44270 | Desolati | Identified the ring of Delol {Str+2 Int+3 Dex+5} (You found
                  | it in the Desolation of Salt)
 44395 | Desolati | Identified the Catalogue of Frigorific Fire
 44411 | Desolati | Identified Berail's Volume of the Toxic Frostbite
 44859 | Vaults:1 | Found Lookhliw's Weapon Emporium.
 45056 | Vaults:1 | Noticed Awazaost's ghost (veteran MiBe)
 45065 | Vaults:1 | Found a runed translucent gate.
 45065 | Vaults:1 | Found a runed translucent gate.
 45067 | Vaults:1 | Found a runed translucent gate.
 45805 | Vaults:2 | Noticed Mara
 45814 | Vaults:2 | Noticed krystol's illusion
 45872 | Vaults:2 | Killed Mara
 45890 | Vaults:2 | Found Pubbiaj's Jewellery Boutique.
 46200 | Vaults:2 | Noticed Jory
 46225 | Vaults:2 | Killed Jory
 46526 | Vaults:2 | Found a staircase to the Crypt.
 46526 | Vaults:2 | Found a basalt altar of Yredelemnul.
 46527 | Vaults:2 | Found an ancient bone altar of Kikubaaqudgha.
 46739 | Vaults:2 | Reached XP level 21. HP: 209/209 MP: 32/32
 47422 | Vaults:3 | Noticed Margery
 47450 | Vaults:3 | Killed Margery
 47700 | Vaults:3 | Noticed Mennas
 47992 | Vaults:3 | Reached skill level 15 in Dodging
 48028 | Vaults:3 | Reached skill level 23 in Fighting
 48161 | Vaults:3 | Killed Mennas
 48209 | Vaults:3 | Found Aghomuom's Assorted Antiques.
 49899 | Vaults:4 | Reached XP level 22. HP: 220/220 MP: 33/33
 50283 | Vaults:5 | Entered Level 5 of the Vaults
 50350 | Vaults:5 | Identified the ring "Petaipag" {+Fly Int+2}
 50350 | Vaults:5 | Noticed a golden dragon
 50383 | Vaults:5 | Killed a golden dragon
 50432 | Vaults:5 | Noticed a golden dragon
 50448 | Vaults:5 | Killed a golden dragon
 50518 | Vaults:5 | Got a silver rune of Zot
 50689 | Vaults:5 | Found the +1 cloak of Starlight {rElec rC+ EV+4 Stlth--}
 51230 | Vaults:5 | Noticed a golden dragon
 51243 | Vaults:5 | Killed a golden dragon
 51873 | D:13     | Noticed a shard shrike
 51962 | Depths:1 | Entered Level 1 of the Depths
 52095 | Depths:1 | Identified the +6 plate armour of Pathos {-Cast -Tele rPois
                  | rN+++ Stlth+} (You found it on level 1 of the Depths)
 52319 | Depths:1 | Found a one-way gate leading to the halls of Pandemonium.
 52582 | Depths:1 | Found the +12 Vampire's Tooth {vamp}
 52888 | Depths:1 | Found a gateway to Hell.
 52936 | Depths:2 | Reached XP level 23. HP: 229/229 MP: 34/34
 53106 | Depths:2 | Noticed a caustic shrike
 53123 | Depths:2 | Killed a caustic shrike
 53491 | Depths:2 | Reached skill level 24 in Fighting
 53826 | Depths:2 | Identified the +0 scale mail of the Soldier {rC+ Int+4
                  | Stlth+} (You found it on level 2 of the Depths)
 57017 | Depths:4 | Found a one-way gate to the infinite horrors of the Abyss.
 57181 | Depths:4 | Noticed Saint Roka
 57209 | Depths:4 | Killed Saint Roka
 57527 | Depths:4 | Reached XP level 24. HP: 239/239 MP: 35/35
 57546 | Depths:4 | Identified the +3 troll leather armour of Wieggedar {Regen+
                  | Str+2}
 57632 | Depths:4 | Paralysed by a floating eye for 4 turns
 57640 | Depths:4 | Paralysed by a floating eye for 4 turns
 57807 | Depths:4 | Identified the +4 spear of Kaphu {freeze, MR+}
 57808 | Depths:4 | Identified the +7 falchion "Waweheaq" {venom, *Corrode
                  | rPois rN+ Str-3 Int+3}
 58031 | Depths:4 | Identified the +5 lajatang of Juhysada {flame, *Contam +Fly
                  | rPois rN+++}
 58285 | Depths:5 | Entered Level 5 of the Depths
 58397 | Depths:5 | Found Ingaamat's Jewellery Boutique.
 58603 | Depths:5 | Found a gateway to a ziggurat.
 58747 | Depths:5 | Found Soest's Gadget Shop.
 58756 | Depths:5 | Bought a wand of iceblast (12) for 368 gold pieces
 58756 | Depths:5 | Bought a wand of paralysis (7) for 207 gold pieces
 58756 | Depths:5 | Bought a wand of acid (11) for 690 gold pieces
 59391 | Depths:5 | Found a gate to the Realm of Zot.
 59427 | Depths:5 | Reached skill level 25 in Fighting
 59669 | Zot:1    | Entered Level 1 of the Realm of Zot
 59949 | Zot:2    | Reached XP level 25. HP: 248/248 MP: 35/35
 59960 | Zot:2    | Noticed an orb of fire
 59979 | Zot:2    | Noticed an orb of fire
 59980 | Zot:2    | Gained mutation: You occasionally shout uncontrollably at
                  | your foes. [an orb of fire]
 59995 | Zot:2    | Killed an orb of fire
 60010 | Zot:2    | Killed an orb of fire
 60253 | Zot:2    | Noticed a Killer Klown
 60272 | Zot:2    | Killed a Killer Klown
 60440 | Zot:2    | Identified the +1 robe "Jiecasaq" {Int+4} (You found it on
                  | level 2 of the Realm of Zot)
 61951 | Zot:4    | Noticed a Killer Klown
 61963 | Zot:4    | Killed a Killer Klown
 61990 | Zot:5    | Entered Level 5 of the Realm of Zot
 62101 | Zot:5    | Noticed a Killer Klown
 62133 | Zot:5    | Killed a Killer Klown
 62535 | Zot:1    | Reached XP level 26. HP: 260/260 MP: 35/35
 63357 | Orc:1    | Bought a scroll of enchant armour for 97 gold pieces
 64853 | D:13     | Found a transporter.
 65453 | Vaults:3 | Bought a scroll of enchant weapon for 277 gold pieces
 65878 | Vaults:1 | Killed Awazaost's ghost
 65879 | Vaults:1 | Cast into level 3 of the Abyss (vault guard)
 65899 | Vaults:1 | Escaped the Abyss
 65957 | Vaults:1 | Identified the ring "Ceahifuw" {Ice Str+2 Int+8 Dex-4} (You
                  | found it on level 1 of the Vaults)
 66844 | Zot:5    | Noticed an ancient lich
 66883 | Zot:5    | Noticed an ancient lich
 66888 | Zot:5    | Noticed an ancient lich
 66889 | Zot:5    | Noticed an orb of fire
 66903 | Zot:5    | Killed an ancient lich
 66903 | Zot:5    | Reached skill level 26 in Fighting
 66948 | Zot:5    | Got the Orb of Zot
 66953 | Zot:5    | Noticed Suklaesu the pandemonium lord
 66964 | Zot:5    | Noticed an orb of fire
 66976 | Zot:5    | Killed an orb of fire
 67288 | Depths:1 | Noticed Igovoih the pandemonium lord
 67420 | D:11     | Noticed Vosushus the pandemonium lord
 67432 | D:11     | Noticed a seraph
 67626 | D:$      | Escaped with the Orb!

Levels and vault maps discovered:
D:1:      sevenhm_arrival_forest_fort_large_1, layout_basic, minmay_door_square
D:2:      layout_rooms, chequers_ecumenical_altar_lobes, first_ration,
          minmay_rat_gold_closets, uniq_terence, uniq_crazy_yiuf_cottage
D:3:      layout_loops_ring, chequers_serial_rivers_micro_e
D:4:      layout_gridville, gammafunk_temple_overflow_elements,
          minmay_temple_entry_trees, serial_shops, nicolae_shop_waterfront,
          uniq_duvessa
D:5:      layout_basic, nemelex_xobeh_ov_fountains_minmay,
          nicolae_ossuary_entry_giza
D:6:      layout_basic, hangedman_ru_absence, elyvilon_altar_4, minivault_4,
          minmay_parallelograms, minmay_misc_feat_iff,
          chequers_serial_rivers_room_b, nicolae_alphabet_shops,
          serial_park_tiny_2
D:7:      cheibrodos_fertilizer, layout_loops_cross, serial_shops, shop,
          columned_hall_lemuel
D:8:      layout_basic, eat_drink_and_be_merry_uskayaw, serial_shops, shop,
          basic_altar, uniq_psyche
D:9:      layout_small_grid, erik_lair_island, hangedman_fish_farm,
          chequers_serial_rivers_micro_d
D:10:     layout_rooms, corexii_checkpoint_a, chequers_serial_rivers_small_a
D:11:     minmay_quarter_circles, layout_basic
D:12:     layout_stronghold, orc_0_dummy, nrook_guardian_serpent_ordinary
D:13:     gammafunk_the_bubble [the_bubble_gammafunk_split], layout_loops_ring,
          ximxim_vaults_locker_room, nicolae_trove_entry_free_sample,
          kennysheep_island_fort
D:14:     layout_cave_pods, david_defended_altar_elf, uniq_roxanne
D:15:     grunt_enter_depths_hoard, layout_cave_pools,
          hangedman_decor_clover_reticule
Temple:   eino_temple_rhombus
Lair:1:   layout_roguey, grunt_megastairs_5, uniq_sonja
Lair:2:   layout_cave_shapes, minmay_swamp_entry_worms, basic_altar
Lair:3:   layout_regular_city, grunt_megastairs_4, minmay_lair_oklob_chamber,
          uniq_gastronok, uniq_nergalle
Lair:4:   layout_regular_city, nicolae_spider_entry_tight_spaces,
          lemuel_fruit_tree
Lair:5:   layout_small_grid, slime_altar_1, grunt_megastairs_1, uniq_josephine
Lair:6:   minmay_lair_end_frog_pond, layout_regular_city,
          hangedman_lair_unloving_vines, uniq_urug
Swamp:1:  layout_basic_swamp, nicolae_swamp_treefoil
Swamp:2:  layout_falls_marsh, evilmike_swamp_ruin_house_3, swamp_pool1,
          nicolae_swamp_alligator_family, infiniplex_staircase_pool_2,
          uniq_louise, uniq_aizul
Swamp:3:  layout_basic_swamp, nicolae_swamp_round_clearing
Swamp:4:  swamp_old_school, layout_basic_swamp
Spider:1: layout_chambers, uniq_nikola
Spider:2: layout_spider_delve, uniq_agnes
Spider:3: layout_spider_delve
Spider:4: grunt_spider_rune_circles, gammafunk_ghost_arena, drop_trap,
          uniq_arachne
Orc:1:    layout_caves, serial_shops, nicolae_shop_stone
Orc:2:    st_orc_ogre_mass, layout_caves
Elf:1:    eino_elf_arrival_customs, layout_geoelf_grid, serial_shops,
          bzr_entry_lakeside, evilmike_minifort
Elf:2:    layout_onion_city, item_on_display_a
Elf:3:    minmay_elf_hall_curves, layout_gridlike,
          portal_ice_cave_entry_frozen_things, serial_shops,
          nicolae_shop_waterfront, gammafunk_ghost_split, abandoned_shop
Vaults:1: gammafunk_vaults_ghost_split, vaults_room_large_hall, v_misc_26,
          vaults_room_pool, nicolae_vaults_disjoint_gnomons,
          vaults_standard_mumra_lines, vaults_standard_mumra_x, v_misc_11,
          grunt_vaults_diagonal, nicolae_vaults_network_periphery,
          nicolae_vaults_rhombus_6, ontoclasm_vaults_shuriken,
          layout_vaults_maze_bifur, serial_shops, shop,
          portal_desolation_entry_salt
Vaults:2: grunt_vaults_hallway_short, minmay_crypt_entry_necro_gods,
          ontoclasm_vaults_ring_small, vaults_room_glass_cross,
          nicolae_vaults_circle_grid_a, layout_vaults_quadrants, serial_shops,
          nicolae_shop_behind_doors, uniq_jory, uniq_mara
Vaults:3: hangedman_vaults_stitches, nicolae_vaults_yaktaur_gun_rack,
          dpeg_vaults_monster_row, nicolae_vaults_angled_halls, v_pattern_5,
          nicolae_vaults_ring_of_whatevers, nicolae_vaults_network_square,
          nicolae_vaults_network_s, nicolae_vaults_circle_grid_b,
          vaults_dpeg_spiral, vaults_room_pools, nicolae_vaults_rhombus_6,
          nicolae_vaults_murderbox, nicolae_vaults_little_squares_4,
          layout_vaults_omnibox, serial_shops, shop, uniq_mennas, uniq_margery
Vaults:4: v_misc_25, ontoclasm_vaults_ring_large, ontoclasm_vaults_gateway,
          nicolae_vaults_little_squares_2, v_misc_13,
          nicolae_vaults_know_your_exits, ontoclasm_vaults_chip, v_misc_8,
          vaults_mumra_minichess, vaults_room_corners, vaults_room_pools,
          layout_vaults_ring
Vaults:5
Depths:1: layout_cave_pools, hex_tiny, pf_coc_iceberg, rand_demon_pan_entry_4,
          minmay_guarded_unrand_vampires_tooth
Depths:2: minmay_the_grid_plus [minmay_the_grid_spin_star, minmay_the_grid_fan,
          minmay_the_grid_minigrid_medium, minmay_the_grid_tri_star,
          minmay_the_grid_prize_inner_circle], layout_cave_shapes,
          eino_curves_02, hell_entry, nrook_uturn, infiniplex_staircase_diamond
Depths:3: cheibrodos_tormentor_scu, layout_cave_pools, rand_demon_pan_entry_8,
          pf_dread_powers_of_hell, grunt_decor_resistance
Depths:4: grunt_runaround [grunt_runaround_doors_1, grunt_runaround_doors_2,
          grunt_runaround_doors_3, grunt_runaround_doors_4,
          grunt_runaround_loot], serial_shops, abyss_entry, pan_entry,
          hell_entry, uniq_saint_roka
Depths:5: grunt_zot_entry_hairpin, layout_cave_shapes, enter_ziggurat_e,
          minmay_misc_feat_nine_boxes, pf_hell_entry_tar_spiral, serial_shops,
          shop, shop
Zot:1:    layout_basic, gammafunk_ghost_split
Zot:2:    kennysheep_oblong_rooms, layout_basic
Zot:3:    layout_cathedral_of_symmetry, lemuel_lake_of_fire
Zot:4:    layout_gridlike
Zot:5:    layout_basic

Skill      XL: |  1  2  3  4  5  6  7  8  9 10 11 12 13 14 15 16 17 18 19 20 21 22 23 24 25 26 |
---------------+-------------------------------------------------------------------------------+-----
Long Blades    | 3 4 5 6 8 10 12 13 14 | 14.0
Shields        | 4 5 6 7 9 10 12 14 15 16 18 19 21 23 24 | 24.0
Fighting       | 4 5 6 7 9 10 12 13 14 15 16 18 19 20 21 22 23 24 25 26 | 26.0
Evocations     | 3 6 8 9 10 11 12 14 16 17 18 | 18.0
Armour         | 6 9 11 13 14 16 18 19 20 21 22 | 22.6
Dodging        | 4 7 10 11 12 14 15 16 17 18 19 | 19.6
Throwing       | 8 |  8.0

Action                   |  1- 3 |  4- 6 |  7- 9 | 10-12 | 13-15 | 16-18 | 19-21 | 22-24 | 25-27 || total
-------------------------+-------+-------+-------+-------+-------+-------+-------+-------+-------++-------
Melee: Long sword        |    72 |   151 |    49 |       |       |       |       |       |       ||   272
       Headbutt          |    11 |    24 |    76 |   149 |   433 |   649 |   843 |  1061 |   360 ||  3606
       Unarmed           |       |    10 |       |       |       |       |       |       |       ||    10
       Falchion          |       |       |   277 |   518 |     7 |   144 |   136 |       |    10 ||  1092
       Scimitar          |       |       |       |   149 |  1399 |  1704 |  1875 |  2242 |   820 ||  8189
       Morningstar       |       |       |       |       |     6 |       |       |       |       ||     6
Throw: Dart              |       |       |       |       |       |    13 |       |       |       ||    13
Invok: Potion Petition   |       |       |       |     2 |     1 |     6 |     3 |     5 |     2 ||    19
       Bribe Branch      |       |       |       |       |       |       |       |     1 |     4 ||     5
 Abil: Evoke Invisibilit |       |       |       |       |       |       |     1 |     3 |     3 ||     7
Evoke: Wand              |       |       |       |    19 |    16 |    42 |     9 |    11 |     6 ||   103
       Phial of floods   |       |       |       |       |     3 |       |       |       |       ||     3
       Sack of spiders   |       |       |       |       |     1 |       |       |       |       ||     1
       Lamp of fire      |       |       |       |       |       |       |     1 |       |       ||     1
  Use: Scroll            |       |       |    16 |    11 |    18 |     8 |    14 |     4 |    26 ||    97
       Potion            |       |       |       |     2 |     1 |     5 |     2 |       |     1 ||    11
 Stab: Distracted        |       |       |     1 |     2 |     7 |    17 |    20 |    26 |     3 ||    76
       Sleeping          |       |       |     2 |     1 |       |       |       |       |       ||     3
       Invisible         |       |       |       |     6 |    26 |     5 |     3 |    24 |    20 ||    84
       Paralysed         |       |       |       |       |    11 |    14 |       |     1 |       ||    26
       Confused          |       |       |       |       |       |     8 |       |     1 |       ||     9
  Eat: Chunk             |     1 |     3 |     2 |       |       |       |       |       |       ||     6
       Ration            |       |     1 |     5 |     7 |    11 |    13 |    12 |    10 |     8 ||    67
Armor: Scale mail        |    30 |    11 |       |       |       |       |    27 |       |       ||    68
       Chain mail        |       |    70 |       |       |       |   171 |       |       |       ||   241
       Skin              |       |     2 |       |       |       |       |       |       |       ||     2
       Ring mail         |       |       |    81 |   147 |   314 |   404 |    37 |       |       ||   983
       Gold dragon scale |       |       |       |       |       |       |   475 |   691 |   234 ||  1400
Dodge: Dodged            |    24 |    39 |    77 |   144 |   768 |  1168 |   602 |  1023 |   330 ||  4175
Block: Shield            |    38 |    76 |   137 |   218 |   859 |  1276 |  1280 |  1653 |   482 ||  6019
       Buckler           |       |       |       |    35 |    16 |       |       |       |       ||    51
       Reflection        |       |       |       |       |       |       |    91 |    63 |     9 ||   163
       Large shield      |       |       |       |       |       |       |       |       |   201 ||   201
       Rpst.: Long sword |     7 |     9 |     4 |       |       |       |       |       |       ||    20
       Falchion          |       |       |    23 |    22 |       |     9 |     3 |       |       ||    57
       Scimitar          |       |       |       |    13 |   151 |   193 |   114 |   162 |    40 ||   673

Table legend:
 A = Non-vault XP
 B = Vault XP
 C = Vault XP percentage of total XP
 D = Non-vault monster count
 E = Vault monster count
 F = Vault count percentage of total count
                 A         B        C        D         E       F
            +---------+---------+-------+---------+---------+-------
      Total |  700756 |  668982 |  48.8 |    1447 |     904 |  38.5
            +---------+---------+-------+---------+---------+-------
        D:1 |      48 |       3 |   5.9 |      22 |       3 |  12.0
        D:2 |      76 |      45 |  37.2 |      24 |      10 |  29.4
        D:3 |     308 |       0 |   0.0 |      18 |       0 |   0.0
        D:4 |     448 |     213 |  32.2 |      15 |       2 |  11.8
        D:5 |     920 |      20 |   2.1 |      33 |       3 |   8.3
        D:6 |     577 |       0 |   0.0 |      19 |       0 |   0.0
        D:7 |    1797 |    1070 |  37.3 |      38 |      17 |  30.9
        D:8 |    1138 |     410 |  26.5 |      26 |       1 |   3.7
        D:9 |    2152 |     982 |  31.3 |      29 |       8 |  21.6
       D:10 |    2508 |       4 |   0.2 |      20 |       2 |   9.1
       D:11 |    5514 |    2959 |  34.9 |      43 |      28 |  39.4
       D:12 |    3952 |     434 |   9.9 |      27 |       1 |   3.6
       D:13 |    8165 |    6521 |  44.4 |      28 |      14 |  33.3
       D:14 |   13930 |    2632 |  15.9 |      57 |       2 |   3.4
       D:15 |    8995 |    2052 |  18.6 |      23 |       2 |   8.0
     Lair:1 |    3235 |    1018 |  23.9 |      14 |       3 |  17.6
     Lair:2 |    2262 |     591 |  20.7 |       6 |       2 |  25.0
     Lair:3 |    5324 |    5247 |  49.6 |      11 |       9 |  45.0
     Lair:4 |    7209 |    1474 |  17.0 |      28 |       7 |  20.0
     Lair:5 |    5352 |    2888 |  35.0 |      16 |       8 |  33.3
     Lair:6 |   12412 |   13884 |  52.8 |      39 |      51 |  56.7
    Swamp:1 |   11592 |       0 |   0.0 |      29 |       0 |   0.0
    Swamp:2 |    3833 |    5038 |  56.8 |      16 |       4 |  20.0
    Swamp:3 |   12305 |    1562 |  11.3 |      32 |       2 |   5.9
    Swamp:4 |    7686 |   14184 |  64.9 |      12 |      23 |  65.7
   Spider:1 |   15697 |    2850 |  15.4 |      49 |       1 |   2.0
   Spider:2 |   11256 |    2628 |  18.9 |      27 |       2 |   6.9
   Spider:3 |   18108 |    5095 |  22.0 |      57 |       3 |   5.0
   Spider:4 |   20881 |   20882 |  50.0 |      58 |      37 |  38.9
      Orc:1 |    1997 |    1781 |  47.1 |      34 |       2 |   5.6
      Orc:2 |    1642 |   17494 |  91.4 |      34 |      37 |  52.1
      Elf:1 |   18113 |   11405 |  38.6 |      28 |      20 |  41.7
      Elf:2 |   19920 |   25802 |  56.4 |      37 |      32 |  46.4
      Elf:3 |   12051 |   51837 |  81.1 |      20 |      37 |  64.9
   Vaults:1 |   27308 |   33612 |  55.2 |      41 |      39 |  48.8
   Vaults:2 |   29668 |   20019 |  40.3 |      50 |       8 |  13.8
   Vaults:3 |   16347 |   35379 |  68.4 |      38 |      39 |  50.6
   Vaults:4 |   49229 |   23854 |  32.6 |      66 |      33 |  33.3
   Vaults:5 |   11942 |   59550 |  83.3 |      26 |      51 |  66.2
   Depths:1 |   40553 |    9841 |  19.5 |      43 |       9 |  17.3
   Depths:2 |   28776 |   32737 |  53.2 |      28 |      18 |  39.1
   Depths:3 |   36172 |   12793 |  26.1 |      44 |      14 |  24.1
   Depths:4 |    6067 |  111111 |  94.8 |       5 |     110 |  95.7
   Depths:5 |   30790 |   21626 |  41.3 |      35 |      16 |  31.4
      Zot:1 |   23642 |       0 |   0.0 |      17 |       0 |   0.0
      Zot:2 |   56389 |   13935 |  19.8 |      26 |       7 |  21.2
      Zot:3 |   21012 |       0 |   0.0 |      13 |       0 |   0.0
      Zot:4 |   56783 |       0 |   0.0 |      32 |       0 |   0.0
      Zot:5 |   24675 |   31630 |  56.2 |      14 |      15 |  51.7
    Ossuary |       0 |     461 | 100.0 |       0 |      24 | 100.0
      IceCv |       0 |   10557 | 100.0 |       0 |      60 | 100.0
 Desolation |       0 |   48872 | 100.0 |       0 |      88 | 100.0
            +---------+---------+-------+---------+---------+-------
